 Dungeon Sprint DCSS version 0.22-a0-136-g83a10e5898 (webtiles) character file.

62 Denreik the Fighter (level 4, 0/46 HPs)
             Began as a Formicid Fighter on Feb 2, 2018.
             Slain by a sky beast (1 damage)
             ... in the Dungeon (Sprint IX: "|||||||||||||||||||||||||||||").
             The game lasted 00:00:46 (169 turns).

Denreik the Fighter (Formicid Fighter)               Turns: 169, Time: 00:00:46

Health: 0/46       AC:  6    Str: 21    XL:     4   Next: 28%
Magic:  4/4        EV:  7    Int:  8    God:
Gold:   0          SH:  9    Dex: 10    Spells: 3/3 levels left

rFire    . . .     SeeInvis +   a - +0 quarterstaff
rCold    . . .     Gourm    .   c - +0 shield
rNeg     . . .     Faith    .   b - +0 scale mail
rPois    .         Spirit   .   (helmet unavailable)
rElec    .         Reflect  .   (no cloak)
rCorr    .         Harm     .   (no gloves)
MR       .....                  (no boots)
Stlth    ..........             (no amulet)
HPRegen  0.15/turn              (no ring)
MPRegen  0.09/turn              (no ring)

@: no status effects
A: permanent stasis, dig shafts and tunnels, four strong arms, antennae 3
a: Dig


You were in the Dungeon.
You were not hungry.

You visited 1 branch

Inventory:

Hand Weapons
 a - a +0 quarterstaff (weapon)
Armour
 b - a +0 scale mail (worn)
 c - a +0 shield (worn)
Scrolls
 k - a scroll of blinking
Potions
 d - a potion of might
 e - a potion of curing
 g - a potion of heal wounds
 h - a potion of haste
 i - 2 potions of magic
 j - a potion of berserk rage
Comestibles
 f - a ration
 l - a chunk of flesh


   Skills:
 * Level 9.0 Fighting
 - Level 2.0 Staves
 - Level 3.2 Armour
 - Level 3.6 Shields


You had 3 spell levels left.
You didn't know any spells.

Dungeon Overview and Level Annotations

Branches:
Dungeon (1/1)

Altars:


Innate Abilities, Weirdness & Mutations

You cannot be hasted, slowed, berserked, paralysed or teleported.
You can dig through walls and to a lower floor.
Your four strong arms can wield two-handed weapons with a shield.
You have a pair of large antennae on your head. (SInv)


Message History

* * * LOW HITPOINT WARNING * * *
The sky beast shocks you.
* * * LOW HITPOINT WARNING * * *
You closely miss the sky beast. You block the sky beast's attack.
You hit the sky beast.
The sky beast is lightly wounded.
The sky beast hits you but does no damage.
You barely miss the sky beast.
The sky beast is lightly wounded.
You block the sky beast's attack. The sky beast hits you.
* * * LOW HITPOINT WARNING * * *
The sky beast shocks you.
* * * LOW HITPOINT WARNING * * *
Your scale mail prevents you from hitting the sky beast.
The sky beast is lightly wounded.
You block the sky beast's attack.
You sock the sky beast!
The sky beast is heavily wounded.
The sky beast hits you.
You die... ▓▓▓▓▓▓▓▓▓▓▓▓▓▓▓▓▓▓ +.....'.).%.Y@..<▓ ▓▓▓▓▓▓▓▓▓▓▓▓▓▓▓▓▓▓

You could see a sky beast.

Vanquished Creatures
  An orc wizard (D)
  A worker ant (D)
  An adder zombie (D)
  An orc (D)
  A hobgoblin (D)
  A bat (D)
  A frilled lizard (D)
  A kobold (D)
  A rat (D)
9 creatures vanquished.

Notes
Turn   | Place    | Note
-------+----------+-------------------------------------------
     0 | D        | Denreik the Formicid Fighter began the quest for the Orb.
     0 | D        | Reached XP level 1. HP: 18/18 MP: 1/1
     5 | D        | Reached skill level 4 in Fighting
   124 | D        | Noticed an orc wizard
   124 | D        | Noticed a sky beast
   124 | D        | Noticed a worker ant
   133 | D        | Killed an orc wizard
   133 | D        | Reached skill level 7 in Fighting
   133 | D        | Reached XP level 2. HP: 6/31 MP: 2/2
   133 | D        | Reached XP level 3. HP: 7/36 MP: 3/3
   134 | D        | Reached skill level 8 in Fighting
   134 | D        | Reached XP level 4. HP: 9/45 MP: 4/4
   160 | D        | Reached skill level 9 in Fighting
   166 | D        | HP: 1/46 [sky beast (6)]
   169 | D        | Slain by a sky beast

Vault maps used:
D:        linesprint

Skill      XL: |  1  2  3  4 |
---------------+-------------+-----
Fighting       | 7 8 9 |  9.0
Staves         | |  2.0
Armour         | |  3.2
Shields        | |  3.6

Action                   |  1- 3 |  4- 6 || total
-------------------------+-------+-------++-------
Melee: Quarterstaff      |    19 |    11 ||    30
Armor: Scale mail        |     9 |     5 ||    14
Dodge: Dodged            |     8 |     4 ||    12
Block: Shield            |    12 |     3 ||    15

Table legend:
 A = Spawn XP
 B = Non-spawn XP
 C = Spawn XP percentage of total XP
 D = Spawn monster count
 E = Non-spawn monster count
 F = Spawn count percentage of total count
 G = Total turns spent on level
                    A         B        C        D         E        F      G
               +---------+---------+-------+---------+---------+-------+---------
         Total |       0 |      89 |   0.0 |       0 |       9 |   0.0 |   169
               +---------+---------+-------+---------+---------+-------+---------
             D |       0 |      89 |   0.0 |       0 |       9 |   0.0 |   169
               +---------+---------+-------+---------+---------+-------+---------
